 Dungeon Crawl Stone Soup version 0.28.0-53-g5a82cb258f (webtiles) character file.

Game seed: 12832535927127313178

27 jjjjhere the Sneak (level 3, -1/28 HPs)
             Began as a Ghoul Enchanter on Sept 2, 2022.
             Slain by a necrophage (4 damage)
             ... on level 2 of the Dungeon.
             The game lasted 00:01:28 (1224 turns).

jjjjhere the Sneak (Ghoul Enchanter)                Turns: 1224, Time: 00:01:28

Health: -1/28      AC:  3    Str: 10 (13) XL:     3   Next: 10%
Magic:  4/4        EV: 11    Int:  9 (10) God:
Gold:   18         SH:  0    Dex:  8 (9)  Spells: 5/5 levels left

rFire   . . .      SeeInvis .     - Unarmed
rCold   + . .      Faith    .   (no shield)
rNeg    + + +      Spirit   .   b - +0 robe
rPois   ∞          Reflect  .   (no helmet)
rElec   .          Harm     .   j - +0 cloak
rCorr   .          Rampage  .   (no gloves)
Will    .....                   (no boots)
Stlth   ++........              (no amulet)
HPRegen 0.00/turn               (no ring)
MPRegen 0.09/turn               (no ring)

@: inhibited regen
A: claws 1, cold resistance 1, negative energy resistance 3, inhibited
regeneration, torment resistance 2
a: no special abilities


You were on level 2 of the Dungeon.
You visited 1 branch of the dungeon, and saw 2 of its levels.

You collected 18 gold pieces.

Inventory:

Hand Weapons
 a - a +1 dagger
Armour
 b - a +0 robe (worn)
 j - a +0 cloak (worn)
Scrolls
 d - a scroll of enchant weapon {unknown}
 f - a scroll of amnesia {unknown}
 g - a scroll of magic mapping {unknown}
 i - 2 scrolls of teleportation {unknown}
 k - a scroll of enchant armour {unknown}
 l - a scroll of fear {unknown}
Potions
 c - a potion of invisibility
 h - a potion of might {unknown}


   Skills:
 + Level 1.4 Fighting
 - Level 0.8 Short Blades
 - Level 1.7 Dodging
 - Level 3.2 Stealth
 * Level 2.3 Unarmed Combat
 - Level 1.7 Spellcasting
 - Level 2.4 Hexes


You had 5 spell levels left.
You didn't know any spells.
Your spell library contained the following spells:

 Spells                   Type           Power      Damage    Failure   Level
 Ensorcelled Hibernation  Hex/Ice        4%         N/A       32%         2
 Confusing Touch          Hex            5%         N/A       36%         3
 Tukima's Dance           Hex            5%         N/A       36%         3
 Dazzling Flash           Conj/Hex       4%         N/A       54%         3


Dungeon Overview and Level Annotations

Branches:
Dungeon (2/15)

Altars:


Innate Abilities, Weirdness & Mutations

You thrive by killing the living.
You are immune to poison.
You have sharp fingernails.
Your flesh is cold resistant. (rC+)
You are immune to negative energy. (rN+++)
You do not regenerate when monsters are visible.
You are immune to unholy pain and torment.


Message History

The necrophage closely misses you.
You scratch the necrophage but do no damage.
The necrophage is lightly damaged.
The necrophage closely misses you.
You claw the necrophage! Your claw misses the necrophage.
The necrophage is moderately damaged.
The necrophage barely misses you.
You scratch the necrophage.
The necrophage is heavily damaged.
The necrophage closely misses you.
You scratch the necrophage.
The necrophage is heavily damaged.
The necrophage hits you.
You scratch the necrophage.
The necrophage is severely damaged.
The necrophage hits you.
You scratch the necrophage but do no damage.
The necrophage is severely damaged.
The necrophage misses you.
You closely miss the necrophage.
The necrophage is severely damaged.
The necrophage barely misses you.
You barely miss the necrophage.
The necrophage is severely damaged.
The necrophage hits you.
You scratch the necrophage.
The necrophage is severely damaged.
The necrophage hits you.
You barely miss the necrophage.
The necrophage is severely damaged.
The necrophage hits you.
* * * LOW HITPOINT WARNING * * *
You scratch the necrophage but do no damage.
The necrophage is severely damaged.
The necrophage completely misses you.
It was a potion of degeneration.
There was something very wrong with that liquid.
You feel weakened.
You feel dopey.
You feel clumsy. The necrophage hits you.
You die...

###.#....<#.######
#.....###........#
#.....# #.#.####.#
#.....# #.#....#.#
###.### #.####.#.#
#.# #.####.#.#
#####.## #......#.#
#......###########.#
#..........n@......#
#......#############
#......# #......#
#......# #......#
########


You could see a necrophage.

Vanquished Creatures
  A dart slug (D:1)
  A bat (D:1)
  3 endoplasms (D:1)
  A giant cockroach (D:1)
  2 hobgoblins
  4 jackals (D:1)
  A quokka (D:1)
  3 ball pythons (D:1)
  3 goblins (D:1)
  2 kobolds (D:1)
21 creatures vanquished.

Notes
Turn   | Place    | Note
-------+----------+-------------------------------------------
     0 | D:1      | jjjjhere the Ghoul Enchanter began the quest for the Orb.
     0 | D:1      | Reached XP level 1. HP: 14/14 MP: 2/2
    95 | D:1      | Reached skill level 1 in Unarmed Combat
   108 | D:1      | Reached XP level 2. HP: 16/22 MP: 3/3
   335 | D:1      | Reached skill level 1 in Fighting
   934 | D:1      | Reached XP level 3. HP: 28/28 MP: 4/4
  1191 | D:2      | Noticed a necrophage
  1204 | D:2      | HP: 9/28 [necrophage (6)]
  1205 | D:2      | HP: 3/28 [necrophage (6)]
  1224 | D:2      | Slain by a necrophage

Illustrated notes

Levels and vault maps discovered:
D:1:      dpeg_arrival_arbitrary_a, layout_basic
D:2:      layout_basic, serial_corexii_hall, corexii_hall_statues_x,
          corexii_hall_statues_l, chequers_hall_statues_wall_a,
          corexii_hall_statues_s, uniq_sigmund, uniq_robin, uniq_terence

Skill      XL: |  1  2 |
---------------+-------+-----
Unarmed Combat | 1 2 |  2.3
Fighting       | 1 |  1.4
Short Blades   | |  0.8
Dodging        | |  1.7
Stealth        | |  3.2
Spellcasting   | |  1.7
Hexes          | |  2.4

Action                   || total
-------------------------++-------
Melee: Dagger            ||    29
       Punch             ||     2
       Unarmed           ||    54
  Use: Potion            ||     1
 Stab: Sleeping          ||     4
Armor: Robe              ||     6
Dodge: Dodged            ||    49
